 Dungeon Crawl Stone Soup version 0.28.0-45-g0d030f2227 (webtiles) character file.

Game seed: 690975526521957907

857 101zpm the Chiller (level 8, 0/57 HPs)
             Began as a Gnoll Ice Elementalist on Apr 21, 2022.
             Slain by a bullfrog zombie (1 damage)
             ... on level 5 of the Dungeon.
             The game lasted 00:16:27 (6215 turns).

101zpm the Chiller (Gnoll Ice Elementalist)         Turns: 6215, Time: 00:16:27

Health: 0/57       AC:  9    Str:  8    XL:     8   Next: 2%
Magic:  3/16       EV: 14    Int: 16    God:
Gold:   202        SH:  0    Dex: 13    Spells: 7/18 levels left

rFire   . . .      SeeInvis .   r - +4 whip
rCold   . . .      Faith    .   (no shield)
rNeg    . . .      Spirit   .   a - +0 robe
rPois   .          Reflect  .   (no helmet)
rElec   .          Harm     .   (no cloak)
rCorr   .          Rampage  .   (no gloves)
Will    .....                   (no boots)
Stlth   +++.......              (no amulet)
HPRegen 0.19/turn               (no ring)
MPRegen 0.15/turn               (no ring)

@: mighty, ice-armoured
A: fangs 1, strong nose, distributed training
a: no special abilities


You were on level 5 of the Dungeon.
You visited 1 branch of the dungeon, and saw 7 of its levels.

You collected 202 gold pieces.

Inventory:

Hand Weapons
 c - a +0 short sword
 r - a +4 whip (weapon)
Armour
 a - a +0 robe (worn)
 u - a +0 pair of gloves
Jewellery
 l - an amulet of guardian spirit
 p - an amulet of the acrobat
Wands
 j - a wand of paralysis (2)
 o - a wand of polymorph (7)
 s - a wand of digging (2)
Scrolls
 b - 6 scrolls of identify {unknown}
 d - a scroll of amnesia {unknown}
 e - a scroll of teleportation {unknown}
 f - 3 scrolls of noise {unknown}
 i - a scroll of fear {unknown}
 k - 2 scrolls of enchant weapon {unknown}
 q - a scroll of fog {unknown}
Potions
 g - a potion of curing {unknown}
 h - a potion of invisibility {unknown}
 m - a potion of brilliance {unknown}
 n - a potion of cancellation {unknown}


   Skills:
 + Level 2.8 Fighting
 + Level 2.8 Short Blades
 + Level 2.8 Long Blades
 + Level 2.8 Axes
 + Level 2.8 Maces & Flails
 + Level 2.8 Polearms
 + Level 2.8 Staves
 + Level 2.8 Slings
 + Level 2.8 Bows
 + Level 2.8 Crossbows
 + Level 2.8 Throwing
 + Level 2.8 Armour
 + Level 5.4 Dodging
 + Level 5.1 Stealth
 + Level 2.8 Shields
 + Level 2.8 Unarmed Combat
 + Level 5.8 Spellcasting
 + Level 2.3 Conjurations
 + Level 2.3 Hexes
 + Level 2.3 Summonings
 + Level 2.3 Necromancy
 + Level 2.3 Translocations
 + Level 2.3 Transmutations
 + Level 2.3 Fire Magic
 + Level 7.5 Ice Magic
 + Level 2.3 Air Magic
 + Level 2.3 Earth Magic
 + Level 2.3 Poison Magic
 + Level 3.1 Invocations
 + Level 2.8 Evocations


You had 7 spell levels left.
You knew the following spells:

 Your Spells              Type           Power      Damage    Failure   Level
a - Freeze                Ice            100%       1d11      1%          1
b - Frozen Ramparts       Ice            56%        1d7       1%          3
c - Ozocubu's Armour      Ice            28%        N/A       1%          3
d - Hailstorm             Conj/Ice       20%        3d6       19%         4

Your spell library contained the following spells:

 Spells                   Type           Power      Damage    Failure   Level
 Beastly Appendage        Tmut           24%        N/A       5%          1
 Wereblood                Tmut           12%        N/A       9%          2
 Spider Form              Tmut/Pois      12%        N/A       16%         3


Dungeon Overview and Level Annotations

Branches:
Dungeon (7/15)
 Temple: D:4-7

Altars:

Annotations:
D:6 Menkaure


Innate Abilities, Weirdness & Mutations

You have very sharp teeth.
Your uncanny sense of smell can sniff out nearby items.
Your experience applies equally to all skills.


Message History

Aim: Prince Ribbit the fire bat (moderately wounded)
You freeze Prince Ribbit.
Prince Ribbit is frozen!
Prince Ribbit is heavily wounded.
Prince Ribbit is frozen!
The wall freezes Prince Ribbit.
Prince Ribbit bites you.
* * * LOW HITPOINT WARNING * * *
You are engulfed in flames.
* * * LOW HITPOINT WARNING * * *
Prince Ribbit is frozen!
The wall freezes Prince Ribbit.
Prince Ribbit bites you but does no damage.
The wall freezes Prince Ribbit.
Prince Ribbit completely misses you. The heat melts your icy armour.
Aiming: Freeze (safe; 1% risk of failure)
Press: ? - help, Q - select action, (/) - cycle Shift-Dir - straight line, f/p - Prince Ribbit
Aim: Prince Ribbit the fire bat (almost dead)
You freeze Prince Ribbit.
Prince Ribbit is frozen!
You kill Prince Ribbit!
Prince Ribbit returns to his original shape as he dies.
You have reached level 8!
You feel agile.
A shadow imp comes into view.
Your icy armour and frozen ramparts will break if you move.
Continue?
Your icy armour cracks and falls away as you move.
The frozen ramparts melt away as you move.
The bullfrog zombie hits you.
* * * LOW HITPOINT WARNING * * *
Casting: Freeze (safe; 1% risk of failure)
Confirm with . or Enter, or press ? or * to list all spells.
Casting: Frozen Ramparts (safe; 1% risk of failure)
Press: ? - help, Dir - look around, f - activate
Okay, then.
Casting: Frozen Ramparts (safe; 1% risk of failure)
Confirm with . or Enter, or press ? or * to list all spells.
A film of ice covers your body!
The bullfrog zombie hits you but does no damage.
Okay, then.
It was a potion of might.
You feel very mighty all of a sudden. The bullfrog zombie hits you.
You die...

##..## #######..#
#>..##..##
#...#.5.# #.....#.#
∆ #....##...
########.†...?..?.
##.Z....5...##...##
#.@#####....# #....
..........#Z†.####
.###
............### .
##........#.... .
#......... ###
#.........#
#........##
#........#


You could see a shadow imp and a bullfrog zombie.

Vanquished Creatures
  A fire bat (D:5)
  A sky beast (D:7)
  3 killer bees (D:6)
  2 orc priests
  2 centaur skeletons
  A hound (D:6)
  A bullfrog skeleton (D:6)
  Natasha (thrice) (D:2)
  An iguana (D:5)
  An orc wizard (D:7)
  3 gnolls (D:4)
  6 adders
  3 worms
  3 dart slugs
  10 orcs
  12 ball pythons
  8 bats
  9 endoplasms
  6 goblins
  5 hobgoblins
  3 jackals (D:1)
  7 quokkas
  7 frilled lizards
  5 kobolds
  6 rats
109 creatures vanquished.

Notes
Turn   | Place    | Note
-------+----------+-------------------------------------------
     0 | D:1      | 101zpm the Gnoll Ice Elementalist began the quest for the
                  | Orb.
     0 | D:1      | Reached XP level 1. HP: 13/13 MP: 6/6
   101 | D:2      | Noticed Natasha
   107 | D:2      | Killed Natasha
   108 | D:2      | Reached skill level 5 in Spellcasting
   108 | D:2      | Reached XP level 2. HP: 14/20 MP: 2/8
   108 | D:2      | Reached XP level 3. HP: 18/25 MP: 2/9
   112 | D:2      | Learned a level 3 spell: Frozen Ramparts
   116 | D:2      | Learned a level 3 spell: Ozocubu's Armour
   339 | D:2      | Noticed Natasha
   342 | D:2      | Killed Natasha
   343 | D:2      | Reached skill level 1 in Fighting
   343 | D:2      | Reached skill level 1 in Short Blades
   343 | D:2      | Reached skill level 1 in Long Blades
   343 | D:2      | Reached skill level 1 in Axes
   343 | D:2      | Reached skill level 1 in Maces & Flails
   343 | D:2      | Reached skill level 1 in Polearms
   343 | D:2      | Reached skill level 1 in Staves
   343 | D:2      | Reached skill level 1 in Slings
   343 | D:2      | Reached skill level 1 in Bows
   343 | D:2      | Reached skill level 1 in Crossbows
   343 | D:2      | Reached skill level 1 in Throwing
   343 | D:2      | Reached skill level 1 in Armour
   343 | D:2      | Reached skill level 1 in Shields
   343 | D:2      | Reached skill level 1 in Unarmed Combat
   343 | D:2      | Reached skill level 1 in Invocations
   343 | D:2      | Reached skill level 1 in Evocations
   343 | D:2      | Reached XP level 4. HP: 22/32 MP: 8/11
  1071 | D:2      | Found a faded altar of an unknown god.
  1089 | D:2      | Reached skill level 1 in Conjurations
  1089 | D:2      | Reached skill level 1 in Hexes
  1089 | D:2      | Reached skill level 1 in Summonings
  1089 | D:2      | Reached skill level 1 in Necromancy
  1089 | D:2      | Reached skill level 1 in Translocations
  1089 | D:2      | Reached skill level 1 in Transmutations
  1089 | D:2      | Reached skill level 1 in Fire Magic
  1089 | D:2      | Reached skill level 1 in Air Magic
  1089 | D:2      | Reached skill level 1 in Earth Magic
  1089 | D:2      | Reached skill level 1 in Poison Magic
  1343 | D:2      | Noticed Natasha
  1349 | D:2      | Killed Natasha
  1350 | D:2      | Reached XP level 5. HP: 25/37 MP: 6/12
  3526 | D:1      | Learned a level 4 spell: Hailstorm
  3840 | D:4      | Reached XP level 6. HP: 33/44 MP: 3/13
  4639 | D:4      | You fall into a shaft and drop 3 floors!
  4741 | D:7      | Reached skill level 5 in Dodging
  4944 | D:7      | Noticed a sky beast
  4955 | D:7      | Killed a sky beast
  4956 | D:7      | Reached XP level 7. HP: 20/50 MP: 1/15
  5224 | D:6      | Reached skill level 5 in Stealth
  5801 | D:6      | Noticed Menkaure
  5806 | D:6      | HP: 2/51 [Menkaure (6)]
  5849 | D:5      | Entered Level 5 of the Dungeon
  6187 | D:5      | Noticed Prince Ribbit
  6202 | D:5      | Noticed Prince Ribbit
  6202 | D:5      | Prince Ribbit changed into Prince Ribbit the blink frog
  6204 | D:5      | Noticed Prince Ribbit
  6204 | D:5      | Prince Ribbit the blink frog changed into Prince Ribbit the
                  | fire bat
  6206 | D:5      | Killed Prince Ribbit the fire bat
  6207 | D:5      | Reached XP level 8. HP: 4/57 MP: 4/16
  6212 | D:5      | HP: 1/57 [bullfrog zombie (4)]
  6215 | D:5      | Slain by a bullfrog zombie

Illustrated notes

Levels and vault maps discovered:
D:1:      lightli_arrival_isolated_outpost, layout_loops_ring, serial_forest,
          infiniplex_forest_straight_2, infiniplex_forest_lined_2,
          infiniplex_forest_straight_5, infiniplex_forest_clump_long,
          infiniplex_forest_lined_corner, infiniplex_forest_diagonal,
          infiniplex_forest_corner_1, kennysheep_doodads,
          kennysheep_another_room, minmay_misc_feat_encased
D:2:      layout_basic, ebering_ecumenical_altar_box, nrook_campfire,
          uniq_natasha
D:3:      layout_rooms, chequers_serial_rivers_large_b, minmay_box_of_dots
D:4:      layout_layer_cave, minmay_temple_entry_fiery, st_stairs_11
D:5:      layout_rooms, fountainhead, uniq_prince_ribbit1
D:6:      layout_basic, chequers_serial_rivers_micro_a, minmay_misc_feat_plants,
          grunt_tough_drop, uniq_eustachio, uniq_menkaure
D:7:      layout_loops_ring, hangedman_decor_clover_reticule,
          minmay_parallelograms, grunt_decor_junction, abandoned_shop

Skill      XL: |  1  2  3  4  5  6  7 |
---------------+----------------------+-----
Spellcasting   | 5 |  5.8
Fighting       | 1 2 |  2.8
Short Blades   | 1 2 |  2.8
Long Blades    | 1 2 |  2.8
Axes           | 1 2 |  2.8
Maces & Flails | 1 2 |  2.8
Polearms       | 1 2 |  2.8
Staves         | 1 2 |  2.8
Slings         | 1 2 |  2.8
Bows           | 1 2 |  2.8
Crossbows      | 1 2 |  2.8
Throwing       | 1 2 |  2.8
Armour         | 1 2 |  2.8
Shields        | 1 2 |  2.8
Unarmed Combat | 1 2 |  2.8
Invocations    | 1 2 3 |  3.1
Evocations     | 1 2 |  2.8
Conjurations   | 1 2 |  2.3
Hexes          | 1 2 |  2.3
Summonings     | 1 2 |  2.3
Necromancy     | 1 2 |  2.3
Translocations | 1 2 |  2.3
Transmutations | 1 2 |  2.3
Fire Magic     | 1 2 |  2.3
Air Magic      | 1 2 |  2.3
Earth Magic    | 1 2 |  2.3
Poison Magic   | 1 2 |  2.3
Dodging        | 5 |  5.4
Stealth        | 5 |  5.1
Ice Magic      | |  7.5

Action                   |  1- 3 |  4- 6 |  7- 9 || total
-------------------------+-------+-------+-------++-------
Melee: Unarmed           |     7 |       |       ||     7
       Short sword       |     1 |    34 |       ||    35
       Bite              |     1 |     7 |     2 ||    10
       Whip              |       |       |    13 ||    13
 Cast: Freeze            |    18 |   109 |    15 ||   142
       Hailstorm         |       |     1 |       ||     1
       Frozen Ramparts   |       |    12 |     6 ||    18
       Ozocubu's Armour  |       |     1 |     3 ||     4
Evoke: Wand              |       |       |     4 ||     4
  Use: Potion            |       |       |     1 ||     1
 Stab: Sleeping          |       |     2 |       ||     2
Armor: Robe              |     7 |    20 |    10 ||    37
Dodge: Dodged            |    25 |    71 |    20 ||   116
